 Dungeon Crawl Stone Soup version 0.31.0-32-g396128a36d (webtiles) character file.

Game seed: 16449264727360969377

1906 PaiMei the Purveyor of Pain (level 8, 0/56 (62) HPs)
             Began as a Demonspawn Necromancer on Apr 24, 2024.
             Was an Initiate of Kikubaaqudgha.
             Slain by a wight
             ... wielding a +0 scimitar
              (12 damage)
             ... on level 6 of the Dungeon.
             The game lasted 00:12:16 (8837 turns).

PaiMei the Purveyor of Pain (DsNe)                  Turns: 8837, Time: 00:12:17

HP:   0/56 (62)     AC:  4    Str: 12    XL:     8   Next: 94%
MP:   15/16         EV: 14    Int: 19    God:    Kikubaaqudgha [......]
Gold: 451           SH:  5    Dex: 13    Spells: 10/18 levels left

rFire   . . .        x - +8 spear "Dragonslayer" {vamp, Will- Str+4 SInv}
rCold   . . .        (no shield)
rNeg    + . .        a - +0 robe
rPois   .            f - +0 helmet
rElec   .            o - +0 cloak
rCorr   .            (no gloves)
SInv    +            (no boots)
Will    .....        u - amulet of reflection
Stlth   ++           j - ring of positive energy
HPRegen 0.29/turn    l - ring of wizardry
MPRegen 0.15/turn

%: reflection, wizardry (x1)
@: about to teleport, drained
A: hooves 1, powered by pain 1
a: Renounce Religion


You were on level 6 of the Dungeon.
You worshipped Kikubaaqudgha.
Kikubaaqudgha was noncommittal.
You visited 2 branches of the dungeon, and saw 7 of its levels.

You collected 451 gold pieces.

Inventory:

Hand Weapons
 k - a +0 short sword of venom
 x - the +8 spear "Dragonslayer" (weapon) {vamp, Will- Str+4 SInv}
   (You found it on level 4 of the Dungeon)

   Str+4:     It affects your strength (+4).
   Will-:     It decreases your willpower.
   SInv:      It lets you see invisible.
 D - a +2 flail of draining
Missiles
 m - 3 poisoned darts (quivered)
Armour
 a - a +0 robe (worn)
 d - a +0 kite shield
 f - a +0 helmet (worn)
 o - a +0 cloak (worn)
Jewellery
 j - a ring of positive energy (left hand)
 l - a ring of wizardry (right hand)
 s - an amulet of magic regeneration
 t - a ring of protection from cold
 u - an amulet of reflection (around neck)
Wands
 H - a wand of charming (11)
Scrolls
 c - a scroll of revelation {unknown}
 e - a scroll of blinking {unknown}
 h - 2 scrolls of amnesia
 i - 2 scrolls of identify
 p - 2 scrolls of immolation
 r - a scroll of teleportation
 y - a scroll of enchant weapon {unknown}
 B - 2 scrolls of fear {unknown}
 F - a scroll of noise {unknown}
 G - 2 scrolls of enchant armour {unknown}
Potions
 b - a potion of magic
 g - 3 potions of curing
 n - 3 potions of resistance {unknown}
 q - a potion of mutation {unknown}
 v - a potion of enlightenment {unknown}
 w - a potion of invisibility {unknown}
 z - a potion of cancellation {unknown}
 A - 2 potions of attraction {unknown}
 C - a potion of lignification {unknown}
 E - a potion of degeneration {unknown}


   Skills:
 + Level 5.2 Fighting
 + Level 5.5 Dodging
 - Level 2.6 Stealth
 + Level 5.6 Spellcasting
 + Level 7.7 Necromancy


You had 10 spell levels left.
You knew the following spells:

 Your Spells              Type           Power      Damage    Failure   Level
a - Necrotise             Necr           100%       1d9       1%          1
b - Vampiric Draining     Necr           34%        2d8       1%          3
c - Animate Dead          Necr           34%        N/A       1%          4

Your spell library contained the following spells:

 Spells                   Type           Power      Damage    Failure   Level
 Freeze                   Ice            20%        1d4       4%          1
 Curse of Agony           Necr           34%        N/A       5%          5
 Mercury Vapours          Alch/Air       10%        N/A       7%          2
 Scorch                   Fire           10%        2d5       7%          2
 Frozen Ramparts          Ice            10%        1d2       14%         3
 Hailstorm                Conj/Ice       5%         3d5       14%         3
 Mephitic Cloud           Conj/Alch/Air  5%         N/A       14%         3
 Summon Ice Beast         Ice/Summ       5%         N/A       14%         3
 Flame Wave               Conj/Fire      5%         2d5       41%         4
 Freezing Cloud           Conj/Ice/Air   2%         6-21      75%         5
 Summon Mana Viper        Hex/Summ       5%         N/A       75%         5
 Summon Cactus Giant      Summ           2%         N/A       99%         6
 Monstrous Menagerie      Summ           2%         N/A       100%        7


Dungeon Overview and Level Annotations

Branches:
Dungeon (6/15)             Temple (1/1) D:4

Altars:
Ashenzari
Fedhas
Gozag
Hepliaklqana
Kikubaaqudgha
Makhleb
Nemelex Xobeh
Okawaru
Qazlal
Ru
Sif Muna
Trog
Uskayaw
Vehumet
Wu Jian
Xom
Yredelemnul

Shops:
D:4 [

Annotations:
D:4 1 runed translucent door, panicmichael's ghost, amateur SpAl


Innate Abilities, Weirdness & Mutations

You have large cloven feet.
You sometimes gain a little power by taking damage.


Message History

An orc comes into view. It is wielding a +0 dagger.
The wight closely misses you.
The orc shouts!
There is an open door here.
The orc wizard attacks as it pursues you!
The orc wizard misses you.
Casting: Necrotise (safe; 1% risk of failure)
Confirm with . or Enter, or press ? or * to list all spells.
Aiming: Necrotise (safe; 1% risk of failure)
Press: ? - help, Shift-Dir - straight line, f - orc wizard
Aim: an orc wizard, wielding a +0 dagger and wearing a +0 robe (chance to affect: 83%)
The orc wizard writhes in agony!
Casting: Necrotise (safe; 1% risk of failure)
Confirm with . or Enter, or press ? or * to list all spells.
Aiming: Necrotise (safe; 1% risk of failure)
Press: ? - help, Shift-Dir - straight line, f/p - orc wizard
Aim: an orc wizard, wielding a +0 dagger and wearing a +0 robe (heavily wounded, chance to affect: 83%)
The orc wizard writhes in agony!
You kill the orc wizard!
Kikubaaqudgha accepts your kill.
The dead are walking!
The wight attacks as it pursues you! You block the wight's attack.
The wight attacks as it pursues you! The wight barely misses you.
Your orc wizard skeleton hits the wight but does no damage.
The wight barely misses you.
As you read the scroll of identify, it crumbles to dust.
r - 2 scrolls of teleportation Your orc wizard skeleton hits the orc.
The wight closely misses you. You block the wight's attack.
Okay, then.
As you read the scroll of teleportation, it crumbles to dust.
You feel strangely unstable. You block the wight's attack.
Your orc wizard skeleton hits the orc but does no damage.
The wight hits you with a +0 scimitar.
* * * LOW HITPOINT WARNING * * *
You partially resist.
You feel drained.
* * * LOW HITPOINT WARNING * * *
The wight attacks as it pursues you! The wight hits you with a +0 scimitar!
You die...
Kikubaaqudgha rasps: "You have failed me!
Welcome... death!"

#.........#..
#.###.....#.#
#.###..)..#.######
#.#Zo....o'.......
#.#o#.....#.######
#.#z#.....#.#
#.#.#.....#.#
#.#z#.....#o#
#.#@#.....#.#
#.#.#.....#.#
#.#.#.....#.#
########'#'#######
#...........#
#...........#
#...........# #
##...........######.
....................


You could see 2 wights, 2 orcs and a friendly orc wizard skeleton.

Vanquished Creatures
  Duvessa (D:5)
  An ogre (D:6)
  A black bear (D:5)
  A centaur (D:5)
  3 phantoms (D:5)
  A gnoll sergeant (D:5)
  4 scorpions
  A wight (D:6)
  Dowan (D:5)
  3 vampire bats (D:5)
  A howler monkey (D:5)
  A jelly (D:5)
  3 hounds
  An orc priest (D:4)
  A bombardier beetle (D:3)
  2 sleepcaps
  Natasha (thrice) (D:4)
  5 iguanas
  2 orc wizards
  9 adders
  7 gnolls
  A shadow imp (D:5)
  4 ufetubi
  3 dart slugs
  2 ribbon worms (D:2)
  12 orcs
  8 ball pythons
  6 bats
  2 bat skeletons (D:5)
  3 bat zombies (D:5)
  10 endoplasms
  A giant cockroach (D:1)
  8 hobgoblins
  2 jackals (D:1)
  6 kobolds
  3 quokkas
  5 frilled lizards
  9 goblins
  A rat (D:2)
138 creatures vanquished.

Vanquished Creatures (collateral kills)
  A kobold (D:2)
1 creature vanquished.

Grand Total: 139 creatures vanquished

Notes
Turn   | Place    | Note
-------+----------+-------------------------------------------
     0 | D:1      | PaiMei the Demonspawn Necromancer began the quest for the
                  | Orb.
     0 | D:1      | Reached XP level 1. HP: 13/13 MP: 3/3
   229 | D:1      | Gained mutation: You have large cloven feet. [demonic
                  | ancestry]
   229 | D:1      | Reached XP level 2. HP: 17/19 MP: 1/5
  1590 | D:1      | Reached XP level 3. HP: 24/24 MP: 3/6
  1594 | D:1      | Learned a level 3 spell: Vampiric Draining
  2786 | D:2      | Reached XP level 4. HP: 29/30 MP: 2/7
  3676 | D:3      | Reached skill level 5 in Necromancy
  4018 | D:3      | Reached XP level 5. HP: 36/36 MP: 6/9
  4190 | D:3      | Reached skill level 1 in Fighting
  4535 | D:4      | Identified the +8 spear "Dragonslayer" {vamp, Will- Str+4
                  | SInv}
  4543 | D:4      | Found a staircase to the Ecumenical Temple.
  4563 | Temple   | Entered the Ecumenical Temple
  4589 | D:4      | Noticed Natasha
  4599 | D:4      | Killed Natasha
  4900 | D:4      | Noticed Natasha
  4915 | D:4      | Killed Natasha
  4921 | D:4      | Reached XP level 6. HP: 25/44 MP: 5/11
  5095 | D:4      | Found Oclargh's Armour Shoppe.
  5262 | D:4      | Found an ornate altar of the Wu Jian Council.
  5551 | D:4      | Found a runed translucent door.
  5552 | D:4      | Noticed panicmichael's ghost (amateur SpAl)
  5606 | D:4      | Found a burning altar of Makhleb.
  5710 | D:4      | Noticed Natasha
  5715 | D:4      | Killed Natasha
  5849 | D:5      | Entered Level 5 of the Dungeon
  5857 | D:5      | Learned a level 4 spell: Animate Dead
  5957 | D:5      | Reached skill level 6 in Necromancy
  5957 | D:5      | Gained mutation: You sometimes gain a little power by
                  | taking damage. [demonic ancestry]
  5957 | D:5      | Reached XP level 7. HP: 47/51 MP: 12/12
  6897 | D:5      | Noticed Duvessa
  6974 | D:5      | Reached XP level 8. HP: 60/60 MP: 5/15
  7330 | D:5      | Reached skill level 7 in Necromancy
  7539 | D:5      | Noticed Dowan
  7550 | D:5      | Killed Duvessa
  7551 | D:5      | Reached skill level 5 in Spellcasting
  7562 | D:5      | Killed Dowan
  7882 | D:5      | Reached skill level 5 in Dodging
  8069 | D:5      | Found an ancient bone altar of Kikubaaqudgha.
  8091 | D:5      | Became a worshipper of Kikubaaqudgha
  8182 | D:5      | Found a hazy altar of Hepliaklqana.
  8182 | D:5      | Found a stormy altar of Qazlal.
  8191 | D:5      | Found a faded altar of an unknown god.
  8247 | D:5      | Found a faded altar of an unknown god.
  8475 | D:6      | Reached skill level 5 in Fighting
  8837 | D:6      | Slain by a wight

Illustrated notes

Levels and vault maps discovered:
D:1:      minmay_arrival_doors, layout_loops_corners
D:2:      layout_basic
D:3:      minmay_door_path, layout_basic
D:4:      layout_basic, makhleb_heckhound_becter, nzn_wu_jian_contemplation,
          minmay_temple_entry_purple_smoke, gammafunk_ghost_grave, serial_shops,
          nicolae_shop_behind_doors, nrook_mini_backslash, uniq_natasha
D:5:      minmay_general_purpose_star, layout_cave_pools, elyvilon_altar_4,
          kennysheep_vampire_church, chequers_temple_overflow_minitemple,
          uniq_duvessa
D:6:      layout_basic, gup_ossuary_entry_pyramid,
          serial_library_hellmonk_double_dead_end
Temple:   hellmonk_temple_forest_ring

Skill      XL: |  1  2  3  4  5  6  7  8 |
---------------+-------------------------+-----
Stealth        | 2 |  2.6
Dodging        | 2 3 4 5 |  5.5
Necromancy     | 5 6 7 |  7.7
Spellcasting   | 3 4 5 |  5.6
Fighting       | 1 2 3 5 |  5.2

Action                     |  1- 3 |  4- 6 |  7- 9 || total
---------------------------+-------+-------+-------++-------
  Melee: Unarmed           |     2 |       |       ||     2
         Dagger            |    27 |       |       ||    27
         Kick              |     5 |     7 |    25 ||    37
         Short sword       |       |     6 |       ||     6
         Spear             |       |    33 |    94 ||   127
         Punch             |       |       |     1 ||     1
   Cast: Necrotise         |    73 |    87 |    58 ||   218
         Vampiric Draining |       |     7 |    29 ||    36
    Use: Scroll            |       |       |     4 ||     4
         Potion            |       |       |     1 ||     1
 Armour: Robe              |    27 |    47 |    97 ||   171
  Dodge: Dodged            |    40 |    34 |   108 ||   182
  Block: Other             |       |    13 |    31 ||    44
         Reflection        |       |       |     1 ||     1
